 Dungeon Crawl Stone Soup version 0.28-a0-863-g8cecda6153 (webtiles) character file.

Game seed: 9272705196112154623

20 sanka the Skirmisher (level 2, -1/25 HPs)
             Began as a Palentonga Abyssal Knight on Nov 18, 2021.
             Was a Follower of Lugonu.
             Slain by an orc (6 damage)
             ... on level 2 of the Dungeon.
             The game lasted 00:01:13 (973 turns).

sanka the Skirmisher (Palentonga Abyssal Knight)     Turns: 973, Time: 00:01:13

Health: -1/25      AC:  4    Str: 16    XL:     2   Next: 58%
Magic:  3/3        EV:  6    Int: 10    God:    Lugonu [*.....]
Gold:   77         SH:  6    Dex: 10    Spells: 1/1 levels left

rFire   . . .      SeeInvis +   a - +1 hand axe
rCold   . . .      Faith    .   d - +0 kite shield
rNeg    . . .      Spirit   .   b - +0 leather armour
rPois   .          Reflect  .   (no helmet)
rElec   .          Harm     .   (no cloak)
rCorr   .          Rampage  .   (no gloves)
Will    .....                   (no barding)
Stlth   +.........              (no amulet)
HPRegen 0.08/turn               (no ring)
MPRegen 0.08/turn               (no ring)

@: no status effects
A: large, rugged brown scales 3, see invisible, deformed body, roll 1, armoured
tail
a: Rolling Charge, Renounce Religion, Depart the Abyss


You were on level 2 of the Dungeon.
You worshipped Lugonu.
Lugonu was aware of your devotion.
You visited 1 branch of the dungeon, and saw 2 of its levels.
You visited the Abyss 1 time.

You collected 77 gold pieces.


Innate Abilities, Weirdness & Mutations

You are completely covered in rugged brown scales. (AC +3, +7% HP)
You have supernaturally acute eyesight. (SInv)
Armour fits poorly on your strangely shaped body.
You can roll at nearby foes to attack.
You have a long armoured tail.


   Skills:
 - Level 3.0 Fighting
 + Level 2.8 Axes
 - Level 1.5 Armour
 - Level 0.7 Dodging
 + Level 1.0 Shields
 - Level 2.0 Invocations


You had one spell level left.
You didn't know any spells.
Your spell library was empty.

Inventory:

Hand Weapons
 a - a +1 hand axe (weapon)
Armour
 b - a +0 leather armour (worn)
 d - a +0 kite shield (worn)
Scrolls
 c - 2 scrolls of identify {unknown}
 f - a scroll of immolation {unknown}
 h - a scroll of fog {unknown}
Potions
 e - a potion of invisibility {unknown}
 g - a potion of haste {unknown}
 i - a potion of cancellation {unknown}

Dungeon Overview and Level Annotations

Branches:
Dungeon (2/15)

Altars:

▒▒▒▒▒▒▒<............
▒.▒..▒........
▒.▒..▒........
▒▒▒.▒...........
.......!<..▒▒▒.▒
▒▒▒......▒.▒ ▒
▒.▒...h▒.▒
▒.▒.ho†▒.▒ ▒..H.▒.▒
▒..▒▒▒ ▒.... .[.....
▒▒▒▒▒▒▒


You could see an orc and 2 jackals.


Message History

The jackal is severely wounded.
You closely miss the jackal. You hit the jackal.
You kill the jackal!
Lugonu accepts your kill. The jackal bites you.
* * * LOW HITPOINT WARNING * * *
You block the jackal's attack.
The jackal bites you but does no damage.
The jackal bites you.
* * * LOW HITPOINT WARNING * * *
Your Shields skill increases to level 1!
You closely miss the jackal.
The jackal is severely wounded.
You barely miss the jackal. You hit the orc. The jackal barely misses you.
The jackal bites you.
* * * LOW HITPOINT WARNING * * *
You block the jackal's attack. The orc barely misses you.
The jackal barely misses you.
Unknown command.
Found a scale mail.
The jackal bites you but does no damage.
The orc barely misses you.
The jackal bites you but does no damage.
You see here a jackal corpse.
The orc hits you with a +0 falchion.
You die...

Action                   || total
-------------------------++-------
Melee: Hand axe          ||    37
       Tailslap          ||     4
Armor: Leather armour    ||    26
Dodge: Dodged            ||    25
Block: Kite shield       ||    18

Levels and vault maps discovered:
D:1:      dpeg_arrival_rhombi, layout_basic,
          hellmonk_ecumenical_altar_watching_god
D:2:      layout_basic, minmay_cut_off

Notes
Turn   | Place    | Note
-------+----------+-------------------------------------------
     0 | Abyss:1  | sanka the Palentonga Abyssal Knight began the quest for the
                  | Orb.
     0 | Abyss:1  | Reached XP level 1. HP: 19/19 MP: 2/2
    56 | D:1      | Escaped the Abyss
   360 | D:1      | Reached XP level 2. HP: 22/25 MP: 3/3
   552 | D:1      | Noticed a floating eye
   554 | D:1      | Found a faded altar of an unknown god.
   555 | D:1      | Noticed an eye of devastation
   555 | D:1      | Noticed a golden eye
   555 | D:1      | Noticed a great orb of eyes
   971 | D:2      | Reached skill level 1 in Shields
   973 | D:2      | Slain by an orc

Vanquished Creatures
  4 endoplasms (D:1)
  2 hobgoblins (D:1)
  2 jackals (D:2)
  2 kobolds (D:1)
  A quokka (D:1)
  A ball python (D:1)
  4 bats (D:1)
  2 rats (D:1)
18 creatures vanquished.
